 Dungeon Crawl Stone Soup version 0.20.1-1-g8b1a95d (webtiles) character file.

102 tidbits the Skirmisher (level 4, -13/49 HPs)
             Began as an Octopode Skald on July 8, 2017.
             Mangled by an ogre
             ... wielding a +0 giant club
              (16 damage)
             ... on level 4 of the Dungeon.
             The game lasted 00:09:31 (842 turns).

tidbits the Skirmisher (Octopode Skald)              Turns: 842, Time: 00:09:31

Health: -13/49     AC: 22    Str: 10    XL:     4   Next: 78%
Magic:  2/7        EV:  2    Int: 16    God:
Gold:   92         SH:  0    Dex: 11    Spells: 3/7 levels left

rFire    . . .     SeeInvis .     - Unarmed
rCold    . . .     Gourm    .   (no shield)
rNeg     + + +     Faith    .   (helmet currently unavailable)
rPois    +         Spirit   .   (no amulet)
rElec    .         Reflect  .   d - ring of stealth
rCorr    .         Harm     .   (no ring)
MR       .....     NoTele   +   (no ring)
Stlth    +++.......             (no ring)
Regen    0.2/turn               (no ring)
MPRegen  0.1/turn               (no ring)
                                (no ring)
                                (no ring)

@: tree-form
A: almost no armour, stealthy swim, (amphibious), 8 rings, (constrict 8)
a: no special abilities


You were on level 4 of the Dungeon.
You were not hungry.
You were a tree.
You visited 1 branch of the dungeon, and saw 5 of its levels.

You collected 92 gold pieces.

Inventory:

Hand Weapons
 a - a +2 antimagic dagger
   (You took it off a goblin on level 1 of the Dungeon)
Missiles
 f - 41 stones
 p - 12 tomahawks (quivered)
Armour
 E - a +1 hat (melded)
Jewellery
 d - a ring of stealth (left branch)
   (You found it on level 4 of the Dungeon)
Scrolls
 c - 2 scrolls of remove curse {unknown}
 h - 3 scrolls of amnesia {unknown}
 j - 2 scrolls of enchant armour {unknown}
 n - a scroll of recharging {unknown}
 o - 2 scrolls of identify {unknown}
 t - a scroll of blinking {unknown}
 w - a scroll of enchant weapon {unknown}
Potions
 e - a potion of resistance {unknown}
 g - a potion of flight {unknown}
 i - a potion of curing {unknown}
 l - a potion of lignification
 m - 2 potions of agility {unknown}
 r - a potion of brilliance {unknown}
 v - a potion of magic {unknown}
Books
 k - a book of Battle

   Spells                             Type                      Level
   a - Infusion                       Charms                       1
   b - Shroud of Golubria             Charms/Translocation         2
   c - Song of Slaying                Charms                       2
   d - Spectral Weapon                Hexes/Charms                 3
   e - Regeneration                   Charms/Necromancy            3
 q - a book of Changes
   (You found it on level 3 of the Dungeon)

   Spells                             Type                      Level
   a - Beastly Appendage              Transmutation                1
   b - Sticks to Snakes               Transmutation                2
   c - Spider Form                    Transmutation/Poison         3
   d - Ice Form                       Ice/Transmutation            4
   e - Blade Hands                    Transmutation                5
Comestibles
 b - a bread ration
 s - 7 chunks of flesh
 u - a royal jelly
 x - 3 fruits


   Skills:
 + Level 3.9 Fighting
 - Level 2.3 Dodging
 - Level 3.7 Stealth
 - Level 2.0 Unarmed Combat
 - Level 2.0 Spellcasting
 - Level 3.0 Charms


You had 3 spell levels left.
You knew the following spells:

 Your Spells              Type           Power        Failure   Level  Hunger
e - Beastly Appendage     Tmut           #.....       21%         1    #......
g - Shroud of Golubria    Chrm/Tloc      #.........   17%         2    ###....
i - Infusion              Chrm           ##..         6%          1    #......


Dungeon Overview and Level Annotations

Branches:
Dungeon (5/15)
 Temple: D:4-7

Altars:
Uskayaw


Innate Abilities, Weirdness & Mutations

You cannot wear most types of armour.
You are very stealthy in the water. (Stealth+)
((You are amphibious.))
You can wear up to eight rings at the same time.
((You can use your tentacles to constrict eight enemies at once.))
((Your skin changes colour to match your surroundings (Stealth+).))
((Your rubbery body absorbs attacks. (AC +1, EV +1)))


Message History

An orc comes into view. It is wielding a falchion.
A jackal and an orc come into view.
The frilled lizard bites you.
A leopard gecko comes into view.
There is a stone staircase leading down here.
You see here a giant cockroach corpse.
The leopard gecko hisses angrily.
The jackal barks!
The orc shouts! x2
You hit the frilled lizard.
You kill the frilled lizard!
The jackal bites you. The jackal closely misses you.
The jackal barely misses you. The jackal misses you.
You climb downwards.
A hound comes into view.
There is a stone staircase leading up here.
You barely miss the jackal.
The hound barks!
Your grab misses the jackal. The jackal closely misses you.
The jackal misses you. The jackal bites you. The jackal barely misses you.
The jackal misses you. The jackal barely misses you.
You open the door. The jackal misses you. The jackal bites you.
There is an open door here.
A frilled lizard comes into view.
You closely miss the jackal. You grab the jackal.
You constrict the jackal, but do no damage.
The jackal struggles to escape constriction.
You hit the jackal.
You kill the jackal!
You miss the hound. You grab the hound. You constrict the hound.
You hit the hound.
The hound is moderately wounded.
You constrict the hound. The hound bites you. The hound completely misses you.
You hit the hound.
The hound is heavily wounded.
You constrict the hound.
The hound struggles to escape constriction.
You hit the hound.
The hound is almost dead.
You constrict the hound.
You kill the hound!
You barely miss the jackal. You grab the jackal. You constrict the jackal.
The jackal barely misses you.
You hit the jackal.
The jackal is almost dead.
You constrict the jackal, but do no damage.
The jackal misses you. The jackal closely misses you.
You hit the jackal but do no damage. Your squeeze misses the jackal.
The jackal is almost dead.
You constrict the jackal.
You kill the jackal!
There is an open door here.
Things that are here:
a hound corpse; a jackal corpse The frilled lizard hisses angrily.
You closely miss the frilled lizard. Your grab misses the frilled lizard.
The frilled lizard bites you.
Something unseen opens the door.
You miss the frilled lizard. Your grab misses the frilled lizard.
You squeeze the frilled lizard.
You kill the frilled lizard!
An orc priest comes into view. It is wielding a club.
An orc comes into view. It is wielding a flail.
The orc priest shouts!
Something unseen opens the door.
An orc priest comes into view. It is wielding a hand axe.
There is an open door here.
Things that are here:
a hound corpse; a jackal corpse You open the door.
An ogre comes into view. It is wielding a giant club.
There is an open door here.
Found a yellow potion.
The helpless ogre fails to defend itself.
You puncture the ogre! You squeeze the ogre.
The ogre is moderately wounded.
The ogre barely misses you. The ogre barely misses you.
Found an amethyst potion.
It was a potion of lignification.
You turn into a tree.
Your +1 hat melds into your body.
Your roots penetrate the ground.
The ogre hits you but does no damage.
You hit the ogre.
The ogre is moderately wounded.
The ogre hits you with a giant club.
Wield which item (- for none, * to show all)? (? for menu, Esc to quit)
You feel magic returning to you.
You are now empty-handed.
The orc priest invokes the aid of Beogh against you.
Beogh smites you!
* * * LOW HITPOINT WARNING * * *
You smack the ogre!
The ogre is severely wounded.
The ogre hits you with a giant club!!
* * * LOW HITPOINT WARNING * * *
An orc comes into view. It is wielding a club.
The orc shouts!
You hit the ogre.
The ogre is almost dead.
The orc priest shouts!
You hit the ogre but do no damage.
The ogre is almost dead.
The ogre hits you with a giant club!
You die...

#......# #......# .......
#......#
.....#########......#
.....##..!...#......# ..
o...#.......#......#
##'###...##......#......#
.....#...##..!...+......#
....o'...##.....♣#......#
.....#.<.##...oO.#......#
.....#....#......#......+
.....#....#......#......#
..†..#†####......#
#####o....#......#
#.....#o.....#
#.....o......#
#.....########


You could see an ogre, 2 orc priests and an orc.

Vanquished Creatures
  A hound (D:4)
  A worker ant (D:4)
  A worm (D:3)
  2 dart slugs
  A leopard gecko (D:4)
  3 orcs (D:3)
  A ball python (D:3)
  2 bats (D:1)
  A giant cockroach (D:3)
  4 goblins
  2 hobgoblins
  8 jackals
  A quokka (D:2)
  3 frilled lizards
  3 kobolds
  5 rats
39 creatures vanquished.

Notes
Turn   | Place    | Note
-------+----------+-------------------------------------------
     0 | D:1      | tidbits the Octopode Skald began the quest for the Orb.
     0 | D:1      | Reached XP level 1. HP: 14/14 MP: 3/3
    63 | D:2      | Reached skill level 1 in Stealth
   163 | D:1      | Reached skill level 2 in Stealth
   226 | D:1      | Reached XP level 2. HP: 9/19 MP: 1/5
   262 | D:1      | Reached skill level 3 in Stealth
   465 | D:3      | Learned a level 2 spell: Shroud of Golubria
   467 | D:3      | Learned a level 1 spell: Beastly Appendage
   489 | D:4      | Reached XP level 3. HP: 14/25 MP: 0/6
   508 | D:4      | Noticed a scorpion
   513 | D:5      | Entered Level 5 of the Dungeon
   638 | D:4      | Noticed an ogre
   647 | D:3      | Found a hide-covered altar of Uskayaw.
   659 | D:3      | Reached skill level 3 in Fighting
   674 | D:3      | Reached XP level 4. HP: 26/31 MP: 0/7
   828 | D:4      | Noticed an ogre
   840 | D:4      | HP: 3/49 [ogre/giant club (18)]
   842 | D:4      | Mangled by an ogre

Skill      XL: |  1  2  3 |
---------------+----------+-----
Stealth        | 2 3 |  3.7
Fighting       | 3 |  3.9
Dodging        | |  2.3
Unarmed Combat | |  2.0
Spellcasting   | |  2.0
Charms         | |  3.0

Action                   |  1- 3 |  4- 6 || total
-------------------------+-------+-------++-------
Melee: Unarmed           |    16 |     3 ||    19
       Constrict         |    11 |     7 ||    18
       Dagger            |    40 |    29 ||    69
       Tentacles         |     9 |     5 ||    14
       Punch             |       |     1 ||     1
 Cast: Infusion          |     9 |       ||     9
       Shroud of Golubri |     1 |       ||     1
  Use: Potion            |       |     1 ||     1
 Stab: Sleeping          |    10 |     3 ||    13
Armor: Skin              |     7 |     2 ||     9
Dodge: Dodged            |    37 |    22 ||    59

Table legend:
 A = Turns spent in this place as a percentage of turns spent in the entire game.
 B = Non-inter-level travel turns spent in this place as a percentage of non-inter-level travel turns spent in the entire game.
 C = Inter-level travel turns spent in this place as a percentage of turns spent in this place.
 D = Turns resting spent in this place as a percentage of non-inter-level travel turns spent in this place.
 E = Turns spent auto-exploring this place as a percentage of non-inter-level travel turns spent in this place.
 F = Non-inter-level travel turns spent in this place divided by the number of levels of this place that you've seen.
                   A       B       C       D       E      F
               +-------+-------+-------+-------+-------+----------------------
         Total | 100.0 | 100.0 |   0.1 |   0.0 |   0.0 | 153.6
       Dungeon | 100.0 | 100.0 |   0.1 |   0.0 |   0.0 | 153.6
               +-------+-------+-------+-------+-------+----------------------

Table legend:
 A = Kills in this place as a percentage of kills in entire the game.
 B = Kills by you in this place as a percentage of kills by you in the entire game.
 C = Kills by friends in this place as a percentage of kills by friends in the entire game.
 D = Other kills in this place as a percentage of other kills in the entire game.
 E = Experience gained in this place as a percentage of experience gained in the entire game.
 F = Experience gained in this place divided by the number of levels of this place that you have seen.
                   A       B       C       D       E      F
               +-------+-------+-------+-------+-------+----------------------
         Total | 100.0 | 100.0 |  -nan |  -nan | 100.0 |  29.4
       Dungeon | 100.0 | 100.0 |  -nan |  -nan | 100.0 |  29.4
               +-------+-------+-------+-------+-------+----------------------

Vault maps used:
D:1:      dpeg_arrival_rooms_c
D:2:      cheibrodos_pilgrimage
D:3:      eat_drink_and_be_merry_uskayaw, chequers_ecumenical_altar_island,
          minmay_rat_hole
D:4:      minmay_temple_entry_glass, first_bread
D:5:      overflow_temple_1_default, gammafunk_temple_overflow_forgotten
